 Dungeon Crawl Stone Soup version 0.26.1-16-g4e020e15dc (webtiles) character file.

Game seed: 15951213274044402364

1149 Midn8 the Insei (level 8, 55/55 HPs)
             Began as an Octopode Transmuter on Dec 24, 2021.
             Quit the game on level 5 of the Dungeon on July 3, 2023.
             The game lasted 00:17:24 (6737 turns).

Midn8 the Insei (Octopode Transmuter)               Turns: 6737, Time: 00:17:24

Health: 55/55      AC:  5    Str:  9    XL:     8   Next: 38%
Magic:  29/29      EV: 15    Int: 21    God:
Gold:   230        SH:  5    Dex: 13    Spells: 5/11 levels left

rFire    . . .     SeeInvis +     - Unarmed
rCold    + . .     Faith    .   (no shield)
rNeg     . . .     Spirit   .   (helmet restricted)
rPois    .         Reflect  +   h - amulet of reflection
rElec    .         Harm     .   a - +4 ring of protection
rCorr    .         Rampage  .   t - ring "Meecsuh" {rC+ MP+9 Int+4 SInv}
Will     .....                  j - ring of magical power
Stlth    ++........             (no ring)
HPRegen  0.18/turn              (no ring)
MPRegen  0.21/turn              (no ring)
                                (no ring)
                                (no ring)

@: no status effects
A: almost no armour, stealthy swim, amphibious, 8 rings, constrict 8, camouflage
1, gelatinous body 1
a: no special abilities


You were on level 5 of the Dungeon.
You visited 1 branch of the dungeon, and saw 5 of its levels.

You collected 230 gold pieces.

Inventory:

Hand Weapons
 n - a +0 hunting sling
Missiles
 k - 28 poisoned darts
 o - 36 stones
 p - 11 sling bullets
Jewellery
 a - a +4 ring of protection (left tentacle)
 h - an amulet of reflection (around mantle)
 j - a ring of magical power (on tentacle)
 t - the ring "Meecsuh" (right tentacle) {rC+ MP+9 Int+4 SInv}
   (You found it on level 4 of the Dungeon)

   [ring of magical power]

   It affects your intelligence (+4).
   It protects you from cold.
   It affects your magic capacity (+9).
   It lets you see invisible.
Wands
 m - a wand of iceblast (9)
 r - a wand of flame (11)
 y - a wand of digging (2)
Scrolls
 c - 3 scrolls of teleportation
 f - a scroll of enchant weapon
 q - a scroll of fear
 u - a scroll of enchant armour
 v - 2 scrolls of magic mapping
 w - 2 scrolls of identify
 x - a scroll of amnesia {unknown}
Potions
 b - 3 potions of resistance
 d - 2 potions of lignification
 e - 2 potions of heal wounds
 g - a potion of flight
 i - a potion of curing
 l - a potion of ambrosia {unknown}
 s - a potion of haste {unknown}
 z - a potion of brilliance {unknown}


   Skills:
 + Level 5.0 Fighting
 - Level 5.0 Dodging
 - Level 6.0 Unarmed Combat
 - Level 2.0 Spellcasting
 - Level 4.0 Transmutations
 - Level 3.0 Poison Magic


You had 5 spell levels left.
You knew the following spells:

 Your Spells              Type           Power        Failure   Level
a - Beastly Appendage     Tmut           36%          2%          1
s - Spider Form           Tmut/Pois      8%           11%         3
S - Wereblood             Tmut           18%          4%          2

Your spell library contained the following spells:

 Spells                   Type           Power        Failure   Level
 Ice Form                 Ice/Tmut       10%          54%         4
 Blade Hands              Tmut           9%           61%         5


Dungeon Overview and Level Annotations

Branches:
Dungeon (5/15)
 Temple: D:4-7

Altars:
Cheibriados
Elyvilon
Kikubaaqudgha
Wu Jian
Yredelemnul
The Shining One

Shops:
D:4 :

Annotations:
D:3 exclusion: orc priest


Innate Abilities, Weirdness & Mutations

You cannot wear most types of armour.
You are very stealthy in the water. (Stealth+)
You are amphibious.
You can wear up to eight rings at the same time.
You can use your tentacles to constrict eight enemies at once.
Your skin changes colour to match your surroundings (Stealth+).
Your rubbery body absorbs attacks. (AC +1, EV +1)


Message History

The iron imp is severely wounded.
You hit the iron imp but do no damage.
The iron imp is severely wounded.
Your transformation has ended.
The iron imp misses you.
You tentacle-slap the iron imp. Your grab misses the iron imp.
The iron imp is almost dead.
The iron imp misses you.
You barely miss the iron imp. You grab the iron imp.
The iron imp is almost dead.
You constrict the iron imp, but do no damage.
You tentacle-slap the iron imp.
You kill the iron imp!
Training target 5.0 for Fighting reached!
Your Fighting skill increases to level 5!
You need to enable at least one skill for training.
You need to enable at least one skill for training.
Welcome back, Midn8 the Octopode Transmuter.
Press ? for a list of commands and other information.
Are you sure you want to abandon this character and quit the game? (Confirm with "yes".)

#.####.####.#.....#.
#...................
##........######..##
######.......##
##.##
..............####
#...
#.....###........#
####
#.....###....###.###
### #.....###....#
#...###^#
.......@..####
###.##^..
..........# #..'^..
..._......# ####.^^
..........# ##.#
..........# ###
#.....###.#
#.....###.#
#.....###.#


There were no monsters in sight!

Vanquished Creatures
  Menkaure (D:4)
  Duvessa (D:4)
  A necrophage (D:5)
  An ogre (D:4)
  Dowan (D:4)
  A vampire bat (D:2)
  3 howler monkeys
  A hound (D:4)
  2 orc priests
  An iron imp (D:5)
  An iguana (D:4)
  4 orc wizards
  A worker ant (D:5)
  A worker ant zombie (D:5)
  9 adders
  4 gnolls (D:3)
  2 oozes
  2 adder skeletons (D:4)
  2 dart slugs
  A leopard gecko (D:1)
  19 orcs
  3 bat skeletons (D:2)
  2 bat zombies (D:2)
  A giant cockroach (D:2)
  11 goblins
  9 hobgoblins
  2 jackals (D:1)
  11 kobolds
  2 quokkas
  A ball python skeleton (D:5)
  6 bats
  8 frilled lizards
  2 leopard gecko skeletons
  A leopard gecko zombie (D:5)
  A quokka skeleton (D:4)
  8 rats
  A spectral orc (D:5)
128 creatures vanquished.

Vanquished Creatures (others)
  5 toadstools (D:1)
5 creatures vanquished.

Grand Total: 133 creatures vanquished

Notes
Turn   | Place    | Note
-------+----------+-------------------------------------------
     0 | D:1      | Midn8 the Octopode Transmuter began the quest for the Orb.
     0 | D:1      | Reached XP level 1. HP: 13/13 MP: 3/3
   167 | D:1      | Reached XP level 2. HP: 18/18 MP: 3/5
   888 | D:1      | Reached XP level 3. HP: 19/23 MP: 4/6
  1796 | D:2      | Reached XP level 4. HP: 9/28 MP: 7/7
  2156 | D:1      | Learned a level 3 spell: Spider Form
  2189 | D:2      | Learned a level 2 spell: Wereblood
  2353 | D:2      | Found an ancient bone altar of Kikubaaqudgha.
  2364 | D:2      | Reached skill level 4 in Unarmed Combat
  2364 | D:2      | Reached XP level 5. HP: 33/33 MP: 3/8
  3189 | D:3      | Reached skill level 5 in Unarmed Combat
  3416 | D:3      | Reached XP level 6. HP: 19/38 MP: 6/9
  3882 | D:3      | Found an ornate altar of the Wu Jian Council.
  4072 | D:4      | Found Bolob's Book Shoppe.
  4258 | D:4      | Reached skill level 6 in Unarmed Combat
  4263 | D:4      | Reached skill level 1 in Poison Magic
  4829 | D:4      | Noticed Dowan
  4837 | D:4      | Noticed Duvessa
  4847 | D:4      | Killed Duvessa
  4848 | D:4      | Reached XP level 7. HP: 30/45 MP: 8/10
  5219 | D:4      | Killed Dowan
  5478 | D:4      | Got a brightly glowing iron ring
  5479 | D:4      | Identified the ring "Meecsuh" {rC+ MP+9 Int+4 SInv} (You
                  | found it on level 4 of the Dungeon)
  5812 | D:4      | Noticed Menkaure
  5826 | D:4      | Killed Menkaure
  5827 | D:4      | Reached skill level 5 in Dodging
  5827 | D:4      | Reached XP level 8. HP: 19/52 MP: 11/11
  6218 | D:5      | Entered Level 5 of the Dungeon
  6253 | D:5      | Found a white marble altar of Elyvilon.
  6509 | D:5      | Found a glowing golden altar of the Shining One.
  6702 | D:5      | Found a basalt altar of Yredelemnul.
  6724 | D:5      | Found a snail-covered altar of Cheibriados.
  6737 | D:5      | Reached skill level 5 in Fighting
  6737 | D:5      | Upgraded the game from 0.26.1-12-g5ba1501909 to
                  | 0.26.1-16-g4e020e15dc
  6737 | D:5      | Quit the game

Illustrated notes

Levels and vault maps discovered:
D:1:      ldierk_walled_garden, layout_basic
D:2:      layout_basic, kennysheep_vampire_church
D:3:      layout_rooms, lemuel_round_altar, uniq_crazy_yiuf_cottage
D:4:      layout_cave_pods, serial_shops, shop_fountains, minmay_manual_mail,
          uniq_menkaure, uniq_duvessa
D:5:      layout_rooms, old_standard_altar, kennysheep_mini_moat,
          yredelemnul_forgotten_temple_becter, slow_altar_1, tso_altar

Skill      XL: |  1  2  3  4  5  6  7  8 |
---------------+-------------------------+-----
Transmutations | 3 4 |  4.0
Unarmed Combat | 4 5 6 |  6.0
Poison Magic   | 3 |  3.0
Fighting       | 2 3 5 |  5.0
Dodging        | 5 |  5.0
Spellcasting   | |  2.0

Action                   |  1- 3 |  4- 6 |  7- 9 || total
-------------------------+-------+-------+-------++-------
Melee: Unarmed           |    88 |   154 |   115 ||   357
       Constrict         |    24 |    21 |    14 ||    59
       Kick              |    17 |    16 |     3 ||    36
       Tentacles         |    11 |    13 |     8 ||    32
       Punch             |       |       |     5 ||     5
 Cast: Beastly Appendage |    12 |     9 |     1 ||    22
       Spider Form       |       |    14 |     9 ||    23
  Use: Scroll            |     4 |     6 |     5 ||    15
 Stab: Sleeping          |     4 |     2 |     2 ||     8
Armor: Skin              |     2 |    10 |     9 ||    21
Dodge: Dodged            |    46 |   109 |    58 ||   213
Block: Other             |       |    38 |    19 ||    57
       Reflection        |       |     3 |       ||     3
